 Dungeon Crawl Stone Soup version 0.31-a0-596-g831eee08f1 (webtiles) character file.

Game seed: 16464624388546953826

123743 Arcadio the Eclecticist (level 16, -23/76 HPs)
             Began as a Deep Elf Summoner on Aug 17, 2023.
             Was a High Priest of Sif Muna.
             Killed from afar by a shock serpent (28 damage)
             ... with a bolt of electricity
             ... on level 1 of the Snake Pit on Aug 20, 2023.
             The game lasted 02:49:07 (34297 turns).

Arcadio the Eclecticist (Deep Elf Summoner)        Turns: 34297, Time: 02:49:08

Health: -23/76     AC: 10    Str:  5    XL:     16   Next: 37%
Magic:  31/42      EV: 22    Int: 32    God:    Sif Muna [*****.]
Gold:   28         SH:  0    Dex: 15    Spells: 4/56 levels left

rFire   . . .        q - +9 scimitar (freeze)
rCold   + . .        (no shield)
rNeg    . . .        J - +0 steam dragon scales
rPois   +            S - +2 helmet {Int+3}
rElec   .            F - +0 cloak
rCorr   .            P - +0 pair of gloves
SInv    .            (no boots)
Will    +....        z - amulet of magic regeneration
Stlth   ++           u - ring of poison resistance
HPRegen 0.32/turn    i - ring of protection from cold
MPRegen 0.68/turn

%: no passive effects
@: no status effects
A: no striking features
a: Renounce Religion, Channel Magic, Forget Spell, Divine Exegesis


You were on level 1 of the Snake Pit.
You worshipped Sif Muna.
Sif Muna was extremely pleased with you.
You visited 5 branches of the dungeon, and saw 25 of its levels.

You collected 2224 gold pieces.
You spent 2196 gold pieces at shops.

Inventory:

Hand Weapons
 q - a +9 scimitar of freezing (weapon)
Armour
 F - a +0 cloak (worn)
 J - +0 steam dragon scales (worn)
 P - a +0 pair of gloves (worn)
 S - a +2 helmet of intelligence (worn)
 X - the +4 skin of Zhor {*Englaciate rC+++ SInv}
   (You found it on level 3 of the Lair of Beasts)

   *Englaciate: It radiates cold, occasionally slowing all nearby creatures who
   are not resistant to cold.
   rC+++:     It renders you almost immune to cold.
   SInv:      It lets you see invisible.
Magical Staves
 y - a staff of conjuration
 R - a staff of fire
Jewellery
 g - a ring of resist corrosion
 i - a ring of protection from cold (right hand)
 n - a ring of protection from cold
 u - a ring of poison resistance (left hand)
 x - a ring of magical power
 z - an amulet of magic regeneration (around neck)
Wands
 p - a wand of flame (39)
 H - a wand of digging (4)
 I - a wand of paralysis (26)
 K - a wand of roots (27)
 L - a wand of mindburst (28)
 V - a wand of light (4)
Scrolls
 f - 7 scrolls of teleportation
 h - a scroll of butterflies {unknown}
 j - a scroll of enchant armour {unknown}
 l - 4 scrolls of revelation
 m - 2 scrolls of brand weapon
 o - 4 scrolls of enchant weapon
 t - 2 scrolls of blinking
 v - a scroll of silence
 A - 5 scrolls of poison
 C - a scroll of vulnerability
 D - 2 scrolls of fear
 G - 2 scrolls of fog
 N - 3 scrolls of immolation
 W - 3 scrolls of amnesia {unknown}
Potions
 a - a potion of brilliance {unknown}
 b - 3 potions of magic
 c - a potion of heal wounds
 d - 2 potions of resistance
 e - 3 potions of enlightenment
 k - 5 potions of lignification
 s - 3 potions of curing
 w - 4 potions of mutation
 B - 6 potions of haste
 E - 2 potions of ambrosia
 U - 3 potions of might
Miscellaneous
 Y - a box of beasts


   Skills:
 + Level 19.2 Dodging
 - Level 2.4 Stealth
 + Level 20.7 Spellcasting
 + Level 16.1 Summonings
 - Level 8.0 Air Magic
 + Level 12.0 Invocations


You had 4 spell levels left.
You knew the following spells:

 Your Spells              Type           Power      Damage    Failure   Level
a - Monstrous Menagerie   Summ           47%        N/A       1%          7
b - Airstrike             Air            35%        2d(6-22)  1%          4
c - Summon Ice Beast      Ice/Summ       71%        N/A       1%          4
d - Call Canine Familiar  Summ           95%        N/A       0%          3
e - Summon Lightning Spi  Summ/Air       84%        N/A       1%          4
f - Summon Small Mammal   Summ           100%       N/A       0%          1
g - Animate Armour        Summ/Erth      100%       N/A       1%          4
h - Teleport Other        Tloc           33%        N/A       3%          3
i - Swiftness             Air            71%        N/A       1%          3
j - Blink                 Tloc           66%        N/A       1%          2
k - Summon Guardian Gole  Hex/Summ       71%        N/A       1%          3
l - Call Imp              Summ           100%       N/A       0%          2
m - Summon Mana Viper     Hex/Summ       71%        N/A       1%          5
n - Malign Gateway        Summ/Tloc      35%        N/A       30%         7

Your spell library contained the following spells:

 Spells                   Type           Power      Damage    Failure   Level
 Freeze                   Ice            100%       1d10      1%          1
 Kiss of Death            Conj/Necr      100%       2d13      1%          1
 Shock                    Conj/Air       100%       1d9       1%          1
 Passwall                 Tmut/Erth      27%        N/A       1%          2
 Static Discharge         Conj/Air       100%       2-7/arc   1%          2
 Mephitic Cloud           Conj/Pois/Air  50%        N/A       1%          3
 Vhi's Electric Charge    Tloc/Air       100%       N/A       1%          3
 Confusing Touch          Hex            33%        N/A       3%          3
 Dazzling Flash           Conj/Hex       66%        N/A       3%          3
 Frozen Ramparts          Ice            66%        1d10      3%          3
 Gell's Gravitas          Tloc           33%        N/A       3%          3
 Hailstorm                Conj/Ice       33%        3d8       3%          3
 Inner Flame              Hex/Fire       33%        N/A       3%          3
 Portal Projectile        Hex/Tloc       66%        N/A       3%          3
 Volatile Blastmotes      Fire/Tloc      66%        2d15      3%          3
 Animate Dead             Necr           33%        N/A       10%         4
 Dispel Undead            Necr           33%        3d14      10%         4
 Flame Wave               Conj/Fire      33%        2d10      10%         4
 Summon Forest            Summ/Tloc      35%        N/A       1%          5
 Freezing Cloud           Conj/Ice/Air   25%        6-21      10%         5
 Alistair's Intoxication  Tmut/Pois      22%        N/A       28%         5
 Borgnjor's Vile Clutch   Necr/Erth      16%        N/A       28%         5
 Fireball                 Conj/Fire      16%        3d8       28%         5
 Irradiate                Conj/Tmut      16%        3d17      28%         5
 Lee's Rapid Deconstruct  Erth           16%        3d10*     28%         5
 Yara's Violent Unravell  Hex/Tmut       16%        3d8       28%         5
 Haunt                    Necr/Summ      35%        N/A       30%         7
 Death Channel            Necr           16%        N/A       83%         6
 Dispersal                Tloc           16%        N/A       83%         6
 Eringya's Noxious Bog    Tmut/Pois      16%        4d6       83%         6
 Simulacrum               Ice/Necr       16%        N/A       83%         6
 Starburst                Conj/Fire      16%        6d6       83%         6
 Maxwell's Capacitive Co  Air            35%        ∞         94%         8
 Enfeeble                 Hex            16%        N/A       100%        7
 Borgnjor's Revivificati  Necr           16%        N/A       100%        8
 Disjunction              Tloc           16%        N/A       100%        8
 Death's Door             Necr           16%        N/A       100%        9
 Fire Storm               Conj/Fire      16%        8d4       100%        9
 Polar Vortex             Ice            16%        12d2*     100%        9


Dungeon Overview and Level Annotations

Branches:
Dungeon (15/15) Zot: 25297  Temple (1/1) D:4 Zot: 5969    Lair (5/5) D:11 Zot: 19766
  Swamp (0/4) Lair:2        Snake (2/4) Lair:3 Zot: 10566   Slime (0/5) Lair:5
    Orc (2/2) D:11 Zot: 9044     Elf (0/3) Orc:2        Vaults (0/5) D:13
 Depths (0/4) D:15

Altars:
Ashenzari
Cheibriados
Dithmenos
Elyvilon
Fedhas
Gozag
Hepliaklqana
Kikubaaqudgha
Makhleb
Nemelex Xobeh
Okawaru
Qazlal
Ru
Sif Muna
Trog
Uskayaw
Vehumet
Wu Jian
Xom
Yredelemnul
Zin
The Shining One
Jiyva

Shops:
D:5 *   D:13 =   Orc:2 **[:

Annotations:
D:12 2 runed translucent doors, exclusions: downstairs and orange crystal statue
D:13 1 runed translucent door
Lair:5 2 runed translucent doors


Message History

The shock serpent closely misses you.
Casting: Monstrous Menagerie (dangerous; 1% risk of failure)
Confirm with . or Enter, or press ? or * to list all spells.
You summon a manticore!
The shock serpent closely misses you.
The salamander mystic gestures at you while chanting.
The lance of force misses you.
Your manticore bites the salamander mystic.
Your manticore claws the salamander mystic.
Your manticore claws the salamander mystic!
You hit the shock serpent.
The shock serpent seems to slow down.
You freeze the shock serpent.
The shock serpent is moderately wounded.
The shock serpent shoots out a bolt of lightning at you!
The bolt of electricity misses you.
The bolt of electricity hits your manticore!!
The bolt of electricity hits your manticore!!!
The bolt of electricity hits you!!
The bolt of electricity hits the shock serpent.
The shock serpent completely resists.
The salamander mystic barely misses you.
Your manticore bites the salamander mystic!
Your manticore barely misses the salamander mystic.
Your manticore claws the salamander mystic.
The shock serpent bites your manticore!
Your manticore dies!
Your manticore's corpse disappears in a puff of smoke!
The salamander mystic hits you with a +0 quarterstaff.
You are engulfed in flames!
The shock serpent hisses angrily.
You slash the shock serpent! You freeze the shock serpent.
The shock serpent is heavily wounded.
The shock serpent's electric aura discharges, shocking you!
Your manticore bites the salamander mystic!!
Your manticore claws the salamander mystic.
Your manticore claws the salamander mystic but does no damage.
The shock serpent shoots out a bolt of lightning at you!
The bolt of electricity hits you!!
* * * LOW HITPOINT WARNING * * *
The bolt of electricity hits you!!
You die...

##### ##...# ##.#.. #...# #....#
#..#.. ##### #...## #.#..# #.#...
....###....# #.#..# #.....
..#....#...## #.#..# #.....
..####......## ##.#..# #..... ###
##......# #####..#..###.....
###....# #.N...##....#.....
#.....# #@§H####)........#
#...)####S.)###..........# ##
#......##.###....###^....# .#
######.#..##...#.##....#.# .##
#....##...#.##.#..#.# ..#####
##........##.##.#..#.# ..#...###
#.........##.##.#.##.#
........####....>.#####.##.#.##.#
###...#.#....#.#....# #.##.#.##^#


You could see a salamander mystic (ally target), a shock serpent (slow) and a
friendly manticore (summoned).

Vanquished Creatures
  An orc warlord (Orc:2)
  A dire elephant (D:15)
  2 hydras (D:13)
  An ogre mage (Orc:2)
  A centaur warrior (D:13)
  A two-headed ogre (Orc:2)
  A shock serpent (Snake:1)
  A naga sharpshooter (Snake:1)
  A fire crab (shapeshifter) (D:14)
  A skeletal warrior (D:14)
  A lindwurm (Lair:5)
  A salamander (Snake:1)
  An ugly thing (D:12)
  A torpor snail (Lair:2)
  A cane toad (Lair:3)
  2 komodo dragons
  4 rime drakes
  2 yaktaurs (D:13)
  A polar bear (Lair:3)
  2 trolls
  A meliai (D:15)
  2 blink frogs (Lair:5)
  2 dream sheep (Lair:5)
  3 basilisks
  A vampire mosquito (D:13)
  A wyvern (Lair:5)
  4 nagas
  5 water moccasins
  An orc warrior (Orc:2)
  A centaur (D:5)
  5 wolves
  4 ogres (Orc:2)
  A phantom (D:6)
  6 bullfrogs
  An electric eel (Lair:5)
  5 orc priests
  5 adders
  13 orcs
  3 ball pythons
  A bat (D:4)
  2 endoplasms (D:2)
  A giant cockroach (D:3)
  2 goblins
  3 hobgoblins
  A kobold (D:3)
101 creatures vanquished.

Vanquished Creatures (collateral kills)
  Rupert (Orc:2)
  Gastronok (D:8)
  An orc warlord (Orc:1)
  A quicksilver ooze (shapeshifter) (D:14)
  Josephine (Lair:4)
  Fannar (D:11)
  2 vault guards (D:13)
  An ice dragon (D:15)
  3 ogre magi (Orc:2)
  3 catoblepae
  7 hydras
  An anaconda (Snake:1)
  An ironbound frostheart (D:13)
  7 centaur warriors
  2 boulder beetles
  12 two-headed ogres
  A tengu warrior (D:15)
  4 naga warriors (Snake:1)
  Sonja (D:13)
  Urug (Lair:2)
  Amaemon (Lair:1)
  A skyshark (Lair:4)
  3 skeletal warriors
  A deep elf archer (D:13)
  A harpy (shapeshifter) (D:13)
  2 orc knights
  A lindwurm (Lair:1)
  A mana viper (Snake:1)
  5 cyclopes
  7 ugly things
  A deep elf pyromancer (D:13)
  2 salamanders
  3 orc sorcerers (Orc:1)
  13 elephants (Lair:5)
  19 black mambas
  4 manticores
  2 torpor snails
  2 molten gargoyles (Lair:5)
  2 guardian serpents (Snake:1)
  4 naga magi (Snake:1)
  11 cane toads
  A gargoyle (D:12)
  An unseen horror (D:10)
  An orange demon (Lair:1)
  13 komodo dragons
  7 rime drakes
  2 efreet
  3 polar bears
  A hornet (D:7)
  5 trolls
  2 meliai (D:15)
  Grinder (D:4)
  Prince Ribbit (D:7)
  16 blink frogs
  9 dream sheep (Lair:5)
  Sigmund (D:4)
  A culicivora (shapeshifter) (D:13)
  8 slime creatures
  3 shadows
  2 centaur simulacra
  30 yaks
  2 wyverns
  5 wraiths
  A vampire (D:9)
  A human (D:13)
  A water elemental (D:13)
  13 basilisks
  A fire elemental (D:13)
  6 steam dragons
  2 vampire mosquitoes (D:11)
  7 nagas
  7 wargs
  2 acid dragons
  34 water moccasins
  4 hell hounds (Lair:5)
  An ice beast (D:7)
  A swamp drake (D:11)
  24 orc warriors
  A sky beast (D:7)
  25 ogres
  13 wolves
  11 centaurs
  A phantom (D:5)
  A gnoll sergeant (D:9)
  4 scorpions
  An earth elemental (D:13)
  4 bullfrogs
  3 wights (D:8)
  4 killer bees (D:9)
  An electric eel (Lair:4)
  4 howler monkeys
  5 lava snakes (Lair:5)
  A jelly (D:7)
  A hound (D:6)
  13 orc priests
  A gnoll bouda (D:8)
  2 sleepcaps (D:5)
  3 iguanas
  17 orc wizards
  21 adders
  14 gnolls
  A white imp (D:7)
  An ufetubus (D:4)
  A worm (D:5)
  4 dart slugs
  63 orcs
  6 ball pythons
  5 bats
  8 endoplasms
  5 giant cockroaches
  2 goblins
  6 hobgoblins
  2 kobolds
  A quokka (D:3)
  6 frilled lizards
  7 rats
627 creatures vanquished.

Vanquished Creatures (others)
  Nessos (Lair:4)
  2 two-headed ogres
  Lodul (D:11)
  A manticore (D:13)
  A komodo dragon (Lair:1)
  2 cane toads
  A kobold demonologist (D:9)
  A troll (D:13)
  A blink frog (Lair:5)
  A slime creature (D:13)
  An air elemental (D:13)
  A wraith (Lair:4)
  5 yaks
  Edmund (D:5)
  3 water moccasins
  2 orc warriors
  2 ogres (D:11)
  A bullfrog (Lair:1)
  Crazy Yiuf (D:6)
  An orc priest (Orc:1)
  An orc wizard (D:7)
31 creatures vanquished.

Grand Total: 759 creatures vanquished

Notes
Turn   | Place    | Note
-------+----------+-------------------------------------------
     0 | D:1      | Arcadio the Deep Elf Summoner began the quest for the Orb.
     0 | D:1      | Reached XP level 1. HP: 10/10 MP: 6/6
   209 | D:1      | Reached XP level 2. HP: 15/15 MP: 6/8
   991 | D:2      | Learned a level 2 spell: Call Imp
  1225 | D:2      | Reached XP level 3. HP: 19/19 MP: 5/10
  1437 | D:2      | Reached skill level 4 in Spellcasting
  1483 | D:2      | Reached skill level 5 in Summonings
  1665 | D:2      | Reached XP level 4. HP: 24/24 MP: 10/12
  2090 | D:3      | Learned a level 3 spell: Call Canine Familiar
  2094 | D:3      | Learned a level 3 spell: Summon Guardian Golem
  3052 | D:4      | Noticed Grinder
  3111 | D:4      | Reached XP level 5. HP: 28/28 MP: 4/14
  3112 | D:4      | Killed Grinder
  3113 | D:4      | Reached skill level 5 in Dodging
  3113 | D:4      | Reached skill level 5 in Spellcasting
  3113 | D:4      | Reached XP level 6. HP: 32/32 MP: 4/16
  3530 | D:4      | Noticed Sigmund
  3545 | D:4      | Killed Sigmund
  3546 | D:4      | Reached skill level 6 in Spellcasting
  3546 | D:4      | Reached XP level 7. HP: 36/36 MP: 11/18
  3726 | D:4      | Found a staircase to the Ecumenical Temple.
  3746 | Temple   | Entered the Ecumenical Temple
  3761 | Temple   | Became a worshipper of Sif Muna the Loreminder
  3851 | D:5      | Entered Level 5 of the Dungeon
  3878 | D:5      | Learned a level 4 spell: Summon Lightning Spire
  3969 | D:5      | Reached skill level 7 in Spellcasting
  4072 | D:5      | Found Iffuetot's General Store.
  4276 | D:5      | Reached XP level 8. HP: 41/41 MP: 13/21
  4476 | D:5      | Noticed Edmund
  4505 | D:5      | Killed Edmund
  4597 | D:5      | Found a bloodstained altar of Trog.
  4624 | D:5      | Reached skill level 8 in Spellcasting
  5761 | D:6      | Reached skill level 9 in Spellcasting
  6194 | D:6      | Reached * piety under Sif Muna
  6198 | D:6      | Reached XP level 9. HP: 45/45 MP: 21/24
  6280 | D:6      | Found a runed translucent door.
  6281 | D:6      | Noticed Crazy Yiuf
  6468 | D:6      | Killed Crazy Yiuf
  6592 | D:7      | Noticed Prince Ribbit
  6675 | D:7      | Killed Prince Ribbit
  6699 | D:7      | Reached skill level 10 in Spellcasting
  7316 | D:8      | Reached skill level 10 in Dodging
  7415 | D:8      | Reached skill level 10 in Summonings
  7423 | D:8      | Learned a level 4 spell: Summon Ice Beast
  7612 | D:8      | Reached skill level 11 in Spellcasting
  7767 | D:8      | Found a shadowy altar of Dithmenos.
  7926 | D:8      | Noticed Gastronok
  7980 | D:8      | Killed Gastronok
  7981 | D:8      | Reached XP level 10. HP: 50/50 MP: 7/27
  8292 | D:8      | Reached skill level 12 in Spellcasting
  8679 | D:9      | Reached ** piety under Sif Muna
  9303 | D:9      | Learned a level 4 spell: Animate Armour
  9481 | D:9      | Found a hide-covered altar of Uskayaw.
  9487 | D:9      | Found a hazy altar of Hepliaklqana.
  9493 | D:9      | Found a broken altar of Ashenzari.
  9493 | D:9      | Found a stormy altar of Qazlal.
  9494 | D:9      | Found an opulent altar of Gozag.
  9494 | D:9      | Found a blossoming altar of Fedhas.
  9495 | D:9      | Found a white marble altar of Elyvilon.
  9497 | D:9      | Found a basalt altar of Yredelemnul.
  9501 | D:9      | Found a glowing silver altar of Zin.
  9590 | D:10     | Entered Level 10 of the Dungeon
  9649 | D:10     | Noticed a two-headed ogre
  9666 | D:10     | Killed a two-headed ogre
  9917 | D:10     | Reached skill level 13 in Spellcasting
  9917 | D:10     | Reached XP level 11. HP: 38/54 MP: 28/30
 11422 | D:11     | Noticed a cyan ugly thing
 11430 | D:11     | Killed a cyan ugly thing
 11523 | D:11     | Noticed Fannar
 11544 | D:11     | Killed Fannar
 11637 | D:11     | Noticed a cyan ugly thing
 11654 | D:11     | Killed a green ugly thing
 11655 | D:11     | Reached skill level 14 in Spellcasting
 11741 | D:11     | Reached *** piety under Sif Muna
 11840 | D:11     | Found a staircase to the Orcish Mines.
 12065 | D:11     | Noticed Lodul
 12221 | D:11     | Killed Lodul
 12337 | D:11     | Found a shimmering blue altar of Sif Muna.
 12386 | D:11     | Found a staircase to the Lair.
 12515 | Lair:1   | Entered Level 1 of the Lair of Beasts
 12621 | Lair:1   | Found a dark tunnel.
 12621 | Lair:1   | Noticed a lindwurm
 12630 | Lair:1   | Killed a lindwurm
 12730 | Lair:1   | Noticed a catoblepas
 12762 | Lair:1   | Reached XP level 12. HP: 54/59 MP: 13/32
 13003 | Lair:1   | Reached skill level 15 in Spellcasting
 13075 | Lair:1   | Noticed Amaemon
 13085 | Lair:1   | Killed Amaemon
 13267 | Lair:1   | Noticed a boulder beetle
 13299 | Lair:1   | Killed a boulder beetle
 13583 | Lair:1   | Killed a catoblepas
 13624 | Lair:1   | Reached **** piety under Sif Muna
 13794 | Lair:1   | Learned a level 3 spell: Teleport Other
 14089 | Lair:2   | Noticed Urug
 14380 | Lair:2   | Killed Urug
 14459 | Lair:2   | Reached skill level 16 in Spellcasting
 14466 | Lair:2   | Reached skill level 1 in Invocations
 14550 | Lair:2   | Reached skill level 15 in Dodging
 15257 | Lair:2   | Found a staircase to the Swamp.
 15546 | Lair:2   | Found a blossoming altar of Fedhas.
 15965 | Lair:2   | Reached XP level 13. HP: 56/63 MP: 24/35
 17179 | Lair:3   | Reached skill level 1 in Air Magic
 17248 | Lair:3   | Found a staircase to the Snake Pit.
 17397 | Lair:3   | Reached ***** piety under Sif Muna
 17600 | Lair:3   | Found the +4 skin of Zhor {*Englaciate rC+++ SInv}
 18091 | Lair:3   | Reached skill level 5 in Invocations
 18115 | Lair:4   | Reached skill level 17 in Spellcasting
 18139 | Lair:4   | Received a gift from Sif Muna
 18145 | Lair:4   | Got Sif Muna's Papyrus of the Missiles {god gift}
 19276 | Lair:4   | Noticed Josephine
 19297 | Lair:4   | Killed Josephine
 19422 | Lair:4   | Noticed Nessos
 19454 | Lair:4   | Killed Nessos
 19891 | Lair:5   | Entered Level 5 of the Lair of Beasts
 19956 | Lair:5   | Received a gift from Sif Muna
 20172 | Lair:5   | Learned a level 3 spell: Swiftness
 20200 | Lair:5   | Reached XP level 14. HP: 62/68 MP: 23/37
 20440 | Lair:5   | Reached skill level 18 in Spellcasting
 20580 | Lair:5   | Found a staircase to the Slime Pits.
 20580 | Lair:5   | Found a viscous altar of Jiyva.
 20869 | Lair:5   | Reached skill level 15 in Summonings
 21825 | Lair:5   | Received a gift from Sif Muna
 21837 | Lair:5   | Got Sif Muna's Almanac of the Tesseract and the Inferno
                  | {god gift}
 21841 | Lair:5   | Learned a level 2 spell: Blink
 21852 | Lair:5   | Found a large runed translucent door.
 21877 | Lair:5   | Found a large runed translucent door.
 21933 | Lair:5   | Learned a level 4 spell: Airstrike
 22594 | Orc:1    | Entered Level 1 of the Orcish Mines
 22786 | Orc:2    | Entered Level 2 of the Orcish Mines
 22786 | Orc:2    | Noticed an orc warlord
 23717 | D:12     | Found a runed translucent door.
 23721 | D:12     | Found the +10 tower shield of Ignorance {rN+ Int-4}
 23794 | D:12     | Found a runed translucent door.
 24200 | D:13     | Reached skill level 19 in Spellcasting
 24380 | D:13     | Found a large runed translucent door.
 24380 | D:13     | Found a large runed translucent door.
 24798 | D:13     | Reached skill level 5 in Air Magic
 24838 | D:13     | Reached XP level 15. HP: 72/72 MP: 5/40
 25526 | Orc:1    | Reached skill level 10 in Invocations
 25680 | Orc:1    | Found a radiant altar of Vehumet.
 26057 | Orc:2    | Found a staircase to the Elven Halls.
 26699 | Orc:2    | Noticed Rupert
 27158 | Orc:2    | Killed Rupert
 27237 | Orc:2    | Found Inugg's General Store.
 27237 | Orc:2    | Found Doaru's Book Shoppe.
 27238 | Orc:2    | Found Usmus's Assorted Antiques.
 27238 | Orc:2    | Found Atihell's Antique Armour Shop.
 27254 | Orc:2    | Bought a Necronomicon for 918 gold pieces
 27254 | Orc:2    | Bought a book of Beasts for 646 gold pieces
 27255 | Orc:2    | Bought a scroll of blinking for 262 gold pieces
 27501 | Orc:2    | Upgraded the game from 0.31-a0-564-g3b7de120b3 to
                  | 0.31-a0-596-g831eee08f1
 27552 | Orc:1    | Learned a level 7 spell: Monstrous Menagerie
 27558 | Orc:1    | Learned a level 5 spell: Summon Mana Viper
 27566 | Orc:1    | Learned a level 7 spell: Malign Gateway
 27732 | D:13     | Noticed Sonja
 27735 | D:13     | Killed Sonja
 27812 | D:13     | Identified the staff "Rudus" {rElec rC+ Will+ Earth}
 27818 | D:13     | Reached skill level 20 in Spellcasting
 28008 | D:13     | Found Dolyb's Jewellery Shop.
 28312 | D:13     | Found a runed translucent door.
 28320 | D:13     | Found a runed translucent door.
 28559 | D:13     | Found a gate to the Vaults.
 29200 | D:14     | HP: 2/72 [centaur warrior/arrow (15)]
 30961 | D:15     | Entered Level 15 of the Dungeon
 31020 | D:15     | Found an iron altar of Okawaru.
 31098 | D:15     | Reached XP level 16. HP: 66/76 MP: 28/42
 31464 | D:15     | Got the Spellbook of Blinking Cold
 31597 | D:15     | Found a staircase to the Depths.
 32140 | D:15     | Received a gift from Sif Muna
 32141 | D:15     | Got Sif Muna's Enchiridion on Evolving Position {god gift}
 32638 | Orc:2    | Bought a scroll of fear for 52 gold pieces
 32638 | Orc:2    | Bought a +2 helmet of intelligence for 279 gold pieces
 32638 | Orc:2    | Bought a potion of curing for 39 gold pieces
 32854 | Snake:1  | Entered Level 1 of the Snake Pit
 34297 | Snake:1  | Killed from afar by a shock serpent

Illustrated notes

Levels and vault maps discovered:
D:1:      minmay_arrival_three_doors, layout_loops_corners
D:2:      layout_basic, minmay_box_of_dots
D:3:      layout_loops_ring, minmay_shallow_snake_nest
D:4:      layout_basic, minmay_temple_entry_large_hall, uniq_sigmund,
          uniq_grinder
D:5:      layout_cave_pods, serial_park, serial_park_tiny_pond,
          serial_park_square1 [serial_park_minivault_5x5_7], serial_park_tiny_2,
          serial_park_gazebo [serial_park_minivault_5x5_4], serial_shops,
          nicolae_take_the_stairs, hellmonk_no_cap, uniq_edmund
D:6:      layout_basic, serial_corexii_hall, corexii_hall_statues_l,
          corexii_hall_statues_s, corexii_hall_statues_deadend,
          corexii_hall_statues_l, minmay_misc_feat_diagonals,
          uniq_crazy_yiuf_cottage
D:7:      layout_rooms, uniq_prince_ribbit1
D:8:      layout_loops_ring, kennysheep_mini_moat, uniq_gastronok
D:9:      layout_irregular_city, minitemple
D:10:     layout_grid_maze
D:11:     layout_roguey, david_lair_shrubbed, erik_orc_1,
          minmay_variable_closet, tgw_sif, uniq_lodul, uniq_fannar
D:12:     layout_irregular_city, chequers_guarded_unrand_ignorance
D:13:     minmay_the_grid_triangle_9x9_recursive_3_mashed
          [minmay_the_grid_triangle_9x9_tough_junction,
          minmay_the_grid_triangle_9x9_corruption,
          minmay_the_grid_triangle_9x9_shrine,
          minmay_the_grid_triangle_9x9_prize_insulated,
          minmay_the_grid_triangle_9x9_alien,
          minmay_the_grid_triangle_9x9_limited_checkers,
          minmay_the_grid_triangle_9x9_pentomino_pain,
          minmay_the_grid_triangle_9x9_sprig,
          minmay_the_grid_triangle_9x9_zippers_horizontal], layout_rooms,
          hellmonk_vaults_keyhole, serial_shops, shop, lightli_elemental_guards,
          uniq_sonja
D:14:     layout_stronghold
D:15:     hangedman_depths_entry_try_elsewhere_first, layout_long_grid,
          portal_ice_cave_entry_dragon, okawaru_gym_becter
Temple:   hellmonk_temple_forest_ring
Lair:1:   layout_loops_ring, nicolae_volcano_entry_vermiform,
          nzn_sisyphean_effort, grunt_megastairs_5, uniq_amaemon
Lair:2:   layout_cave_pods, minmay_swamp_entry_worms, basic_altar,
          infiniplex_staircase_pool, lemuel_fruit_tree, uniq_urug
Lair:3:   layout_concentric_octagons, nicolae_snake_entry_squirm,
          hellmonk_guarded_unrand_zhor, grunt_megastairs_4
Lair:4:   lemuel_reptile_caves, layout_cave_shapes, grunt_megastairs_2,
          uniq_josephine, uniq_nessos
Lair:5:   cheibrodos_lair_end_hotspot, layout_hall_layers, slime_entry_1,
          serial_bayou_shore_a
Snake:1:  layout_misc_corridors
Snake:2:  layout_cave_shapes
Orc:1:    layout_caves, basic_altar
Orc:2:    st_orc_ogre_mass, layout_diamond_mine, uniq_rupert

Skill      XL: |  1  2  3  4  5  6  7  8  9 10 11 12 13 14 15 16 |
---------------+-------------------------------------------------+-----
Dodging        | 3 4 5 6 8 10 12 13 15 16 17 18 19 | 19.2
Spellcasting   | 4 5 6 7 9 11 13 14 16 17 19 20 | 20.7
Summonings     | 5 6 7 8 10 11 13 14 15 16 | 16.1
Invocations    | 3 7 9 11 12 | 12.0
Air Magic      | 4 5 7 8 |  8.0
Stealth        | |  2.4

Action                     |  1- 3 |  4- 6 |  7- 9 | 10-12 | 13-15 | 16-18 || total
---------------------------+-------+-------+-------+-------+-------+-------++-------
  Melee: Unarmed           |    19 |       |       |       |       |       ||    19
         Short sword       |    21 |    64 |    56 |    58 |       |       ||   199
         Punch             |       |       |     1 |     2 |     3 |       ||     6
         Scimitar          |       |       |       |    30 |   277 |    18 ||   325
   Cast: Summon Small Mamm |    37 |    19 |    28 |       |       |       ||    84
         Call Imp          |     7 |    16 |    34 |    15 |     9 |       ||    81
         Call Canine Famil |       |     6 |    49 |    75 |   115 |     8 ||   253
         Summon Guardian G |       |       |     7 |    26 |    44 |       ||    77
         Summon Ice Beast  |       |       |     8 |    70 |   119 |     2 ||   199
         Summon Lightning  |       |       |     1 |    47 |   128 |       ||   176
         Airstrike         |       |       |       |       |    55 |    30 ||    85
         Monstrous Menager |       |       |       |       |    37 |    53 ||    90
         Teleport Other    |       |       |       |       |     2 |       ||     2
         Fire Storm        |       |       |       |       |     1 |       ||     1
         Swiftness         |       |       |       |       |     1 |       ||     1
         Disjunction       |       |       |       |       |     1 |       ||     1
 Invoke: Channel Magic     |       |       |       |       |     3 |       ||     3
         Divine Exegesis   |       |       |       |       |     2 |       ||     2
  Evoke: Wand              |       |       |       |       |    10 |       ||    10
    Use: Scroll            |       |     2 |     3 |     8 |    21 |     3 ||    37
         Potion            |       |       |     2 |     4 |    10 |     2 ||    18
   Stab: Sleeping          |     1 |       |     1 |     1 |     3 |       ||     6
         Distracted        |       |       |     2 |     3 |     4 |       ||     9
         Petrifying        |       |       |       |       |     1 |       ||     1
         Paralysed         |       |       |       |       |       |     1 ||     1
 Armour: Robe              |    14 |     9 |    13 |       |       |       ||    36
         Steam dragon scal |       |       |     1 |    47 |    59 |     8 ||   115
  Dodge: Dodged            |    65 |    59 |    74 |   142 |   451 |    71 ||   862

Table legend: (Time is in decaauts)
 A = Elapsed time spent in this place.
 B = Non-inter-level travel time spent in this place.
 C = Inter-level travel time spent in this place.
 D = Time resting spent in this place.
 E = Time spent auto-exploring this place.
 F = Levels seen in this place.
 G = Mean time per level.
                   A        B        C        D        E       F      G
               +--------+--------+--------+--------+--------+-----+--------+
         Total |  34503 |  33032 |   1471 |   5213 |  19838 |  25 | 1380.1 |
       Dungeon |  19851 |  18986 |    865 |   2042 |  12982 |  15 | 1323.4 |
        Temple |     30 |     30 |      0 |      0 |      0 |   1 |   30.0 |
          Lair |  10233 |   9831 |    402 |   1994 |   5146 |   5 | 2046.6 |
     Snake Pit |   1432 |   1414 |     18 |    374 |    839 |   2 |  716.0 |
  Orcish Mines |   2955 |   2770 |    185 |    803 |    871 |   2 | 1477.5 |
               +--------+--------+--------+--------+--------+-----+--------+

Top non-repeatable levels by time:
  Lair:5: 2595 daAuts
    D:13: 2429 daAuts
    D:14: 2124 daAuts
  Lair:2: 2075 daAuts
    D:11: 1928 daAuts
  Lair:4: 1877 daAuts
  Lair:1: 1858 daAuts
  Lair:3: 1825 daAuts
   Orc:2: 1808 daAuts
    D:15: 1538 daAuts
     D:5: 1495 daAuts
 Snake:1: 1426 daAuts
     D:8: 1284 daAuts
    D:10: 1276 daAuts
     D:6: 1230 daAuts
